[Event "*** Titled Tuesday Blitz"]
[Site "Chess.com"]
[Date "2020.04.07"]
[Round "5"]
[White "Taabling"]
[Black "suyu28"]
[Result "0-1"]
[WhiteElo "2296"]
[BlackElo "2499"]
[TimeControl "180+1"]
[EndTime "13:56:54 PDT"]
[Termination "suyu28 won on time"]

1. e4 e5 2. Nf3 Nc6 3. g3 Bc5 4. d3 Nf6 5. Bg2 O-O 6. O-O a5 7. Nc3 d6 8. h3 a4 9. a3 h6 10. Kh2 Re8 11. Nh4 Nd4 12. Be3 c6 13. Ne2 d5 14.
Nxd4 exd4 15. Bc1 dxe4 16. dxe4 Nxe4 17. Qd3 Nf6 18. Bd2 Be6 19. Rae1 Qd7 20. f4 b5 21. Qf3 Bd5 22. Qf2 Ne4 23. Bxe4 Bxe4 24. Bb4 Ba7 25. f5 f6 26. Qf4 Bxc2 27. Bd6 Rxe1 28.
Rxe1 Re8 29. Bb4 Rxe1 30. Bxe1 c5 31. Ng6 Bb3 32. Bd2 c4 33. Qe4 Qd8 34. Qe6+ Kh7 35. Qf7 c3 36. Nf8+ Qxf8 37. Qxf8 cxd2 38. Qe8 d1=Q 39.
Qg6+ Kh8 40. Qe8+ Bg8 41. h4 Qd2+ 42. Kh3 Qe3 43. Qd7 d3 44. Qxb5 d2 0-1

[Event "*** Titled Tuesday Blitz"]
[Site "Chess.com"]
[Date "2020.04.07"]
[Round "5"]
[White "jk13"]
[Black "canwedoit"]
[Result "1-0"]
[WhiteElo "2824"]
[BlackElo "2622"]
[TimeControl "180+1"]
[EndTime "13:56:56 PDT"]
[Termination "jk13 won on time"]

1. e4 c5 2. c3 Nf6 3. e5 Nd5 4. Bc4 Nb6 5. Bb3 c4 6. Bc2 d5 7. exd6 Qxd6 8. Nf3 Nc6 9. O-O Bg4 10. Qe2 e6 11. Na3 Qc5 12. b3 cxb3 13. axb3 Be7 14. Nc4 Nxc4 15. bxc4 Bxf3 16. gxf3 O-O 17. d4 Qh5 18. Rb1 b6 19. Rb5 Qh4 20. Qe4 Qxe4 21. fxe4 Rac8 22. Bd3 Rfd8 23. Be3 e5 24. Rd5 exd4 25.
cxd4 Nb4 26. Rxd8+ Bxd8 27. Be2 Nc2 28. Rb1 a5 29. Rb2 Nxe3 30. fxe3 Kf8 31. Kf1 Ke7 32.
Ke1 Ra8 33. Ra2 Kd6 34. e5+ Kc7 35. Bd1 f6 36. exf6 Bxf6 37. Ba4 Bg5 38. Ke2 Rf8 39.
Rb2 Rf6 40. Rb5 h6 41. c5 Re6 42. cxb6+ Rxb6 43. Rxa5 Re6 44. Rc5+ Kd8 45. Rc3 Bf6 46.
Kd3 Bg5 47. e4 Ra6 48. Rc4 Rb6 49. e5 Rb1 50. Rc2 Rd1+ 51. Ke4 Ra1 52. Bb3 Ra5 53.
Be6 Ke7 54. Bf5 Kd8 55. Rc8+ Ke7 56. Rc7+ Kf8 57. Bg6 Ra1 58. Rf7+ Kg8 59. Rb7 Kf8 60. d5 1-0

[Event "*** Titled Tuesday Blitz"]
[Site "Chess.com"]
[Date "2020.04.07"]
[Round "5"]
[White "Alliswell998"]
[Black "econpower"]
[Result "0-1"]
[WhiteElo "2535"]
[BlackElo "2735"]
[TimeControl "180+1"]
[EndTime "13:56:56 PDT"]
[Termination "econpower won by checkmate"]

1. e4 d6 2. Nc3 Nf6 3. f4 c5 4. Nf3 Nc6 5. Bb5 Bd7 6. d3 a6 7. Bxc6 Bxc6 8. O-O g6 9. Qe1 Bg7 10. Qh4 e6 11. Kh1 Nd7 12. Qh3 h6 13. Bd2 b5 14. Rae1 b4 15. Nd1 Qe7 16. c3 a5 17.
Ne3 bxc3 18. Bxc3 Bxc3 19. bxc3 Kf8 20. f5 exf5 21. exf5 g5 22. Nc4 Qf6 23. d4 Bb5 24.
Nfd2 d5 25. Ne3 Bxf1 26. Rxf1 cxd4 27. Nxd5 Qd6 28. c4 Nf6 29. Nxf6 Qxf6 30. Ne4 Qe5 31. Qa3+ Kg8 32. Qf3 Re8 33. Ng3 Kh7 34. f6 Rhg8 35. h3 Rg6 36. Nh5 Re6 37. Qb7 Kg8 38. Rc1 Qe2 39.
Ng3 Qe3 40. Rf1 Qxg3 41. Qc8+ Kh7 42. Qxe6 fxe6 43. f7 g4 44. f8=Q gxh3 45. Rf7+ Rg7 46. Rxg7+ Qxg7 47. Qxg7+ Kxg7 48. c5 d3 49. c6 d2 50. c7 d1=Q+ 51. Kh2 Qd7 52. a4 Qxc7+ 53. Kxh3 Qc4 54. g3 Qxa4 55. g4 Qb4 56. Kh4 a4 57.
Kh5 a3 58. g5 hxg5 59. Kxg5 a2 60. Kh5 a1=Q 61. Kg5 Qe5# 0-1

[Event "*** Titled Tuesday Blitz"]
[Site "Chess.com"]
[Date "2020.04.07"]
[Round "5"]
[White "GMKrikor"]
[Black "ckgchess"]
[Result "0-1"]
[WhiteElo "2790"]
[BlackElo "2633"]
[TimeControl "180+1"]
[EndTime "13:56:57 PDT"]
[Termination "ckgchess won by resignation"]

1. e4 c5 2. Nf3 d6 3. d4 cxd4 4. Nxd4 Nf6 5. Nc3 a6 6. a3 Nc6 7. f3 e5 8. Nb3 Be6 9. Be3 Be7 10.
Qd2 O-O 11. Nd5 Bxd5 12. exd5 Nb8 13. a4 Nbd7 14. a5 Rc8 15. c4 Nh5 16. Be2 Nf4 17.
Bf1 f5 18. g3 Ng6 19. Be2 f4 20. Bf2 e4 21. fxe4 Nde5 22. Rc1 Bg5 23. Qd1 f3 24.
Bf1 Ng4 25. Rc2 Nxf2 26. Kxf2 Ne5 27. h3 b6 28. Qd4 bxa5 29. c5 a4 30. Qxa4 dxc5 31.
Nxc5 Qb6 32. Qd4 Bf6 33. Qe3 Nd7 34. b4 Qxb4 35. Bxa6 Bd4 36. Bxc8 Bxe3+ 37. Kxe3 Nxc5 38. Bg4 Qxe4+ 39. Kd2 Nb3+ 40. Kc3 Qe3+ 41. Kb2 Nd4 42. Be6+ Kh8 43. Rc3 Rb8+ 44. Ka1 0-1

[Event "*** Titled Tuesday Blitz"]
[Site "Chess.com"]
[Date "2020.04.07"]
[Round "5"]
[White "timator"]
[Black "sorrm8thatscheckm8"]
[Result "1/2-1/2"]
[WhiteElo "2662"]
[BlackElo "2440"]
[TimeControl "180+1"]
[EndTime "13:56:57 PDT"]
[Termination "Game drawn by repetition"]

1. d4 Nf6 2. Nf3 g6 3. g3 Bg7 4. Bg2 O-O 5. O-O d6 6. b3 a5 7. a4 e5 8. dxe5 dxe5 9. Ba3 Qxd1 10. Rxd1 Re8 11. Nc3 e4 12. Nd4 e3 13. f4 Na6 14.
Nd5 Nxd5 15. Bxd5 c5 16. Nb5 Bxa1 17. Rxa1 Bf5 18. Bxb7 Bxc2 19. Bxa6 Rxa6 20. Nc7 Ree6 21. Nxa6 Rxa6 22. Bxc5 Bxb3 23. Bxe3 Rc6 24. Bd4 Rc4 25. Bf6 Rxa4 26. Rb1 Rb4 27. Bc3 Rb5 28. Bxa5 Bc4 29.
Rc1 Bxe2 30. Rc8+ Kg7 31. Bc3+ Kh6 32. Rc7 Rf5 33. Kf2 Bd1 34. Ke3 Bb3 35. Be5 Be6 36. g4 Rxe5+ 37. fxe5 Kg5 38. h3 h5 39. gxh5 Kxh5 40. Kf4 Kh4 41. Kf3 Kxh3 42. Kf4 Kh4 43. Rc1 g5+ 44. Ke4 Kg3 45. Rg1+ Kh4 46. Rg2 Bh3 47.
Rg1 Be6 48. Rh1+ Kg4 49. Rg1+ Kh4 1/2-1/2

[Event "*** Titled Tuesday Blitz"]
[Site "Chess.com"]
[Date "2020.04.07"]
[Round "5"]
[White "Yanidze"]
[Black "BakaPG"]
[Result "1-0"]
[WhiteElo "2465"]
[BlackElo "2667"]
[TimeControl "180+1"]
[EndTime "13:56:57 PDT"]
[Termination "Yanidze won by checkmate"]

1. d4 d5 2. c4 c6 3. Nf3 Nf6 4. Nc3 e6 5. cxd5 exd5 6. Bg5 Bf5 7. e3 Nbd7 8. Qb3 Qb6 9. Qxb6 axb6 10. Be2 b5 11.
O-O b4 12. Nd1 Bd6 13. Nd2 O-O 14. f3 Ra7 15. e4 dxe4 16. fxe4 Bxe4 17. Bxf6 Nxf6 18.
Rxf6 gxf6 19. Nxe4 Be7 20. Ne3 Rfa8 21. Bc4 Rd8 22. Nf5 Kf8 23. Re1 Rd7 24. Re3 Ra5 25.
g4 b5 26. Bb3 Raa7 27. Rh3 Kg8 28. Kf1 Bd8 29. Nc5 Rdc7 30. Rh6 Be7 31. Ne4 c5 32.
dxc5 Ra6 33. Nfd6 Kg7 34. Rh5 Ra8 35. Nf5+ Kh8 36. Nxe7 Rxe7 37. Nxf6 Kg7 38. g5 Rh8 39. c6 Re5 40. Rh3 Rxg5 41. Ne4 Rf5+ 42. Ke2 Re8 43.
Kd3 Rd8+ 44. Ke3 Re5 45. Rg3+ Kf8 46. Rf3 Re7 47. Kf2 Rxe4 48. Rxf7+ Ke8 49. Rxh7 Rd2+ 50. Kf3 Re7 51. Rh8# 1-0

[Event "*** Titled Tuesday Blitz"]
[Site "Chess.com"]
[Date "2020.04.07"]
[Round "5"]
[White "Evhen_Taranenko"]
[Black "King_of_the_wing"]
[Result "0-1"]
[WhiteElo "2323"]
[BlackElo "2041"]
[TimeControl "180+1"]
[EndTime "13:56:57 PDT"]
[Termination "King_of_the_wing won by resignation"]

1. d4 d5 2. Nf3 c6 3. Bf4 Qb6 4. Qc1 Nf6 5. e3 Bf5 6. h3 Nbd7 7. Be2 h6 8. Nbd2 Ne4 9. c4 Nxd2 10. Nxd2 e5 11. c5 Qc7 12. Bg3 Be7 13. O-O f6 14. Bh5+ g6 15. Be2 O-O 16. Nf3 Be4 17. Qd2 Qd8 18.
Nh4 exd4 19. exd4 g5 20. Nf3 Bxf3 21. Bxf3 f5 22. Qd3 Qe8 23. Bc7 Rc8 24. Ba5 Qf7 25.
Bd2 Qg6 26. g4 Qf6 27. Rae1 Bd8 28. gxf5 Qxf5 29. Qxf5 Rxf5 30. Bg4 Rf7 31. Be6 Kf8 32. Bxf7 Kxf7 33. Re2 Nf6 34. Rfe1 Ne4 35. f3 Nxd2 36. Rxd2 Ba5 37. Rde2 Bxe1 38. Rxe1 Re8 39. b3 Rxe1+ 40. Kf2 Ra1 0-1

[Event "*** Titled Tuesday Blitz"]
[Site "Chess.com"]
[Date "2020.04.07"]
[Round "5"]
[White "Bathory44"]
[Black "Noukii"]
[Result "0-1"]
[WhiteElo "2551"]
[BlackElo "2740"]
[TimeControl "180+1"]
[EndTime "13:56:58 PDT"]
[Termination "Noukii won on time"]

1. e4 Nf6 2. e5 Nd5 3. d4 d6 4. Nf3 g6 5. Bc4 Nb6 6. Bb3 Bg7 7. Ng5 e6 8. f4 dxe5 9. fxe5 c5 10. c3 cxd4 11.
O-O O-O 12. cxd4 Nc6 13. Be3 Nd5 14. Bxd5 exd5 15. Nc3 h6 16. Nf3 Be6 17. Qd2 Kh7 18. Ne1 Rc8 19. Nd3 f6 20. Nc5 Qe7 21. exf6 Rxf6 22.
Rxf6 Qxf6 23. Rf1 Qe7 24. Ne2 Bg8 25. Nf4 Qxe3+ 26. Qxe3 Bxd4 27. Qxd4 Nxd4 28. Nxb7 Rf8 29. g3 g5 30. Nd3 Nf3+ 31. Kg2 g4 32. Rc1 d4 33.
Rc7+ Rf7 34. Rxf7+ Bxf7 35. Nd6 Bxa2 36. h3 Bd5 37. Nf4 Bc6 38. hxg4 Ne5+ 39. Kf2 Nxg4+ 40. Ke2 Ne5 41. Ne6 d3+ 42. Ke3 Bd5 43. Nf4 Nc4+ 44.
Kxd3 Nxd6 45. Nxd5 Kg6 46. Nc7 Kg5 47. Kd4 Kg4 48.
Kd5 Nf5 49. Nb5 a5 50. Nc3 Nxg3 51. Kc5 h5 52. Nd1 Kf3 53. Nc3 h4 54. Nb5 h3 55.
Nd4+ Kf2 0-1

[Event "*** Titled Tuesday Blitz"]
[Site "Chess.com"]
[Date "2020.04.07"]
[Round "5"]
[White "michaelk123"]
[Black "Carnivoras"]
[Result "0-1"]
[WhiteElo "2425"]
[BlackElo "2620"]
[TimeControl "180+1"]
[EndTime "13:56:58 PDT"]
[Termination "Carnivoras won on time"]

1. e4 d5 2. exd5 Nf6 3. d4 Nxd5 4. h3 Bf5 5. Nf3 e6 6. Be2 Be7 7. O-O O-O 8. a3 Nd7 9. c4 N5b6 10. Nc3 c6 11.
Be3 Nf6 12. Re1 Qc7 13. Qc1 Rad8 14. Bf4 Qc8 15. Qe3 Rfe8 16. Ne5 Nbd7 17. Rad1 Nxe5 18. Bxe5 Nd7 19. Bf4 Nf8 20. Qg3 Ng6 21. d5 Bh4 22.
Qf3 exd5 23. cxd5 cxd5 24. Be3 Be4 25. Qh5 Bxg2 26. Kxg2 d4 27. Bg4 dxe3 28. Bxc8 Nf4+ 29. Kf3 Nxh5 30. Bd7 Re7 31. Rxe3 Rxe3+ 32. fxe3 g6 33. Bb5 Rb8 34. Bc4 Rc8 35. Bb3 Bf6 36. Rd7 Bxc3 37.
bxc3 Rxc3 38. Bxf7+ Kf8 39. Rxb7 Rxa3 40. Bc4 h6 41.
Rf7+ Ke8 42. Rh7 Kf8 43. Rf7+ Ke8 44. Rb7 Nf6 45. Bf7+ Kd8 46. Kf4 g5+ 47. Kf5 Nd7 0-1

[Event "*** Titled Tuesday Blitz"]
[Site "Chess.com"]
[Date "2020.04.07"]
[Round "5"]
[White "LivajaM"]
[Black "IljaJoke"]
[Result "1-0"]
[WhiteElo "2331"]
[BlackElo "2495"]
[TimeControl "180+1"]
[EndTime "13:56:58 PDT"]
[Termination "LivajaM won by resignation"]

1. d4 Nf6 2. Bg5 d5 3. Bxf6 gxf6 4. c4 dxc4 5. Nc3 e6 6. e3 c5 7. Nf3 Nc6 8. dxc5 Bxc5 9. Bxc4 Qxd1+ 10. Rxd1 Ke7 11. O-O a6 12. Ne4 Ba7 13. a3 b5 14.
Ba2 Bd7 15. Rd2 Rad8 16. Rfd1 f5 17. Nd6 Bb8 18. Nb7 Bc8 19. Nxd8 Nxd8 20. Nd4 Rg8 21. g3 h5 22. h4 Kf6 23. Kf1 Nb7 24. b4 Nd6 25. Nc6 Ne4 26. Nxb8 Nxd2+ 27. Rxd2 Bb7 28. Nd7+ Ke7 29. Nc5 Bf3 30. Ke1 a5 31. Rd7+ Kf6 32. Kd2 axb4 33. axb4 Ra8 34. Bb3 Ra1 35. Kc3 Rc1+ 36. Kb2 Rf1 37. Rd2 Rh1 38. Nd7+ Ke7 39. Ne5 Be4 40. Bc2 Bd5 41. Bd3 f6 42. Ng6+ Kf7 43. Nf4 Bc6 44. Nxh5 e5 45. Bxf5 e4 46.
Nf4 Re1 47. Be6+ Ke7 48. Bd5 Be8 49. Bxe4 f5 50. Bxf5 Kf6 51. Bd3 Bf7 52. h5 Kg5 53. Bxb5 Rh1 54. Bc6 Rh2 55. b5 Kg4 56. b6 Bxh5 57.
Nxh5 Rxh5 58. b7 1-0

[Event "*** Titled Tuesday Blitz"]
[Site "Chess.com"]
[Date "2020.04.07"]
[Round "5"]
[White "SahaNeelash"]
[Black "DerSchachaffe"]
[Result "1-0"]
[WhiteElo "2501"]
[BlackElo "2468"]
[TimeControl "180+1"]
[EndTime "13:56:58 PDT"]
[Termination "SahaNeelash won on time"]

1. d4 Nf6 2. Bg5 c5 3. d5 d6 4. Nc3 h6 5. Bd2 b5 6. Nxb5 Nxd5 7. e4 Nf6 8. e5 dxe5 9. Bc3 Nc6 10. Qxd8+ Kxd8 11.
O-O-O+ Bd7 12. Nf3 Ng4 13. Be1 e4 14. Nd2 f5 15.
Nc4 Rb8 16. a4 a6 17. Nc3 e6 18. f3 exf3 19. gxf3 Nf6 20. Bg3 Rb4 21. Ne5 Nxe5 22.
Bxe5 c4 23. Be2 Bc5 24. Kb1 Ke7 25. Ka2 Rc8 26. b3 cxb3+ 27. cxb3 Be8 28. Bxa6 Ra8 29.
Be2 Nd7 30. Bxg7 Nb6 31. Kb2 Bxa4 32. Nxa4 Nxa4+ 33. Kc2 Nb6 34. Ra1 Rc8 35. Kb2 Rd8 36.
Bc3 Rf4 37. Ra7+ Kf8 38. Rd1 Nd5 39. Ra5 Be7 40. Be5 1-0

[Event "*** Titled Tuesday Blitz"]
[Site "Chess.com"]
[Date "2020.04.07"]
[Round "5"]
[White "mc4chess"]
[Black "willc-h99"]
[Result "1-0"]
[WhiteElo "2373"]
[BlackElo "2248"]
[TimeControl "180+1"]
[EndTime "13:56:58 PDT"]
[Termination "mc4chess won on time"]

1. c4 c5 2. Nc3 g6 3. g3 Bg7 4. Bg2 Nc6 5. Nf3 d6 6. O-O e5 7. d3 Nge7 8. Rb1 O-O 9. a3 a5 10. Ne1 Be6 11. Nc2 d5 12. cxd5 Nxd5 13. Ne3 Nde7 14. Bd2 b6 15. Nc4 Rb8 16. Nb5 Qd7 17.
b4 axb4 18. axb4 cxb4 19. Bxb4 Nxb4 20. Rxb4 Nd5 21. Rb1 Rfc8 22. Qd2 Rc5 23. Nba3 b5 24. Rfc1 Ra8 25. Ne3 Rxc1+ 26. Qxc1 Rc8 27. Qd2 Nc3 28. Rb2 e4 29. dxe4 Qxd2 30. Rxd2 b4 31. Nac2 b3 32. Na3 Rb8 33. Nd1 Nxd1 34. Rxd1 b2 35. f4 Bc3 36. e5 Ba2 37. Be4 Rc8 38. Bb1 Bb3 39. Rd3 1-0

[Event "*** Titled Tuesday Blitz"]
[Site "Chess.com"]
[Date "2020.04.07"]
[Round "5"]
[White "ersekitamara"]
[Black "killer311"]
[Result "0-1"]
[WhiteElo "1902"]
[BlackElo "2312"]
[TimeControl "180+1"]
[EndTime "13:56:58 PDT"]
[Termination "killer311 won by resignation"]

1. d4 d5 2. Bg5 Nf6 3. e3 Ne4 4. Bf4 g6 5. Nd2 Bg7 6. Bd3 Nd6 7. Ngf3 O-O 8. O-O Bf5 9. Bxf5 Nxf5 10. c3 Nd7 11. e4 dxe4 12. Nxe4 c6 13. Qd2 Nb6 14. b3 Nd5 15. Be5 f6 16. Bg3 Nxg3 17. hxg3 f5 18. Nc5 Qc8 19. Ng5 Bh6 20. f4 Bxg5 21. fxg5 b6 22. Nd3 c5 23. c4 Nc7 24. d5 Ne8 25. Rae1 Nd6 26. Rxe7 Ne4 27. Qf4 Re8 28. Qe5 Rxe7 29. Qxe7 Qe8 30. Qxe8+ Rxe8 31. Re1 Kf7 32. b4 cxb4 33. Nxb4 Nxg5 34. Rxe8 Kxe8 35. Nc6 a5 36. Kf2 Ne4+ 37. Kf3 Nd2+ 38. Kf4 Nxc4 39. Kg5 Ne3 40. Kh6 Nxd5 41. Kxh7 g5 42. Kg6 f4 43. Kxg5 fxg3 44.
Kg4 Nc3 45. Kxg3 Nxa2 46. Kf4 Kd7 47. Nd4 Nc3 48. g4 a4 49. g5 a3 50. g6 Nd5+ 51.
Kg5 Ne7 52. g7 b5 53. Kf6 b4 54. Kf7 a2 55. Nb3 Kd6 56. Na1 Nf5 57. Kg6 Nxg7 58.
Kxg7 Kd5 59. Kf6 Kc4 60. Ke5 b3 0-1

[Event "*** Titled Tuesday Blitz"]
[Site "Chess.com"]
[Date "2020.04.07"]
[Round "5"]
[White "DrVelja"]
[Black "rasmussvane"]
[Result "0-1"]
[WhiteElo "2629"]
[BlackElo "2870"]
[TimeControl "180+1"]
[EndTime "13:56:59 PDT"]
[Termination "rasmussvane won on time"]

1. e4 c6 2. d4 d5 3. exd5 cxd5 4. Bd3 Nc6 5. c3 Nf6 6. h3 g6 7. Bf4 Bf5 8. Be2 Bg7 9. Nf3 O-O 10. O-O a6 11. Nbd2 b5 12. Ne5 Qb6 13. Re1 Rfe8 14.
g4 Be6 15. Bf3 Rac8 16. Nb3 Nxe5 17. Bxe5 Nd7 18. Bxg7 Kxg7 19. Qd2 a5 20. Nc1 b4 21.
Nd3 bxc3 22. bxc3 Red8 23. Nf4 Nf8 24. Re5 Rd6 25. Rae1 Rcd8 26. h4 h6 27. Kg2 a4 28.
g5 h5 29. Bd1 a3 30. Bb3 Qc6 31. R1e3 Rc8 32. Rf3 Bg4 33. Rg3 e6 34. Qe1 Nd7 35.
Ree3 e5 36. dxe5 d4+ 37. Re4 Bf5 38. exd6 Bxe4+ 39. Kh2 dxc3 40. Rxc3 Qxc3 41. Qxe4 Qe5 42. Qf3 Rc3 0-1

[Event "*** Titled Tuesday Blitz"]
[Site "Chess.com"]
[Date "2020.04.07"]
[Round "5"]
[White "j2806"]
[Black "ahappypawn"]
[Result "0-1"]
[WhiteElo "1996"]
[BlackElo "2332"]
[TimeControl "180+1"]
[EndTime "13:56:59 PDT"]
[Termination "ahappypawn won by resignation"]

1. e4 e5 2. Nf3 Nc6 3. Bb5 a6 4. Ba4 Nf6 5. d3 b5 6. Bb3 Be7 7. O-O O-O 8. Nbd2 Bb7 9. c3 d5 10. exd5 Nxd5 11. Re1 Nf4 12. Nxe5 Nxe5 13. Rxe5 Bd6 14.
Re3 Nxg2 15. Rg3 Bxg3 16. hxg3 Qxd3 17. Bc2 Qd5 18. Be4 Rfe8 19. Bxd5 Bxd5 20. Nf3 Bxf3 21. Qxf3 Ne1 22. Qc6 Nc2 23. Rb1 Re1+ 24. Kg2 Rae8 25. Bd2 R1e6 26. Qf3 Re2 27. Rd1 Rxd2 28. Rxd2 Ne1+ 29.
Kh3 Nxf3 30. Rd7 c6 31. Ra7 Ne5 32. Rxa6 g5 33. a4 g4+ 34. Kg2 Kg7 35. axb5 cxb5 36. Ra5 Nd3 37. Rxb5 Re2 38. Rf5 Kg6 39. Rd5 Nxf2 40.
Kf1 Rxb2 41. c4 Ne4 42. Rd4 f5 43. c5 Rc2 44. c6 Rxc6 45. Rd5 Kg5 46. Ke2 Rc2+ 47.
Kd3 Rg2 48. Kc4 Rxg3 49. Rd6 h5 50. Rd7 h4 51. Rg7+ Kf4 52. Rh7 h3 53. Kb5 Rg2 54. Kb6 h2 55. Kb5 g3 56. Ka5 Rg1 57. Ka6 h1=Q 58.
Rxh1 Rxh1 0-1

[Event "*** Titled Tuesday Blitz"]
[Site "Chess.com"]
[Date "2020.04.07"]
[Round "5"]
[White "MikeKorovin"]
[Black "Squirlolz"]
[Result "1-0"]
[WhiteElo "2768"]
[BlackElo "2582"]
[TimeControl "180+1"]
[EndTime "13:57:00 PDT"]
[Termination "MikeKorovin won by checkmate"]

1. Nf3 Nf6 2. b3 d5 3. Bb2 e6 4. g3 c5 5. Bg2 Be7 6. O-O O-O 7. c4 d4 8. e3 Nc6 9. exd4 cxd4 10. Re1 Nd7 11. Nxd4 Nxd4 12. Bxd4 Nc5 13. Bc3 Nd3 14.
Rf1 e5 15. Qe2 Bf5 16. Bxb7 Bc5 17. Be4 Qd7 18. Qxd3 Qxd3 19. Bxd3 Bxd3 20. Re1 f6 21. b4 Be7 22. c5 a5 23. a3 Rfb8 24. bxa5 Bxc5 25.
Bb4 Bxb4 26. axb4 Rxb4 27. Nc3 Rb2 28. Red1 Bc2 29. Rdc1 Bd3 30. Rd1 Bc2 31. Re1 Bd3 32. f3 Rxd2 33. Red1 Rxd1+ 34. Rxd1 Bc4 35. Ra1 Kf7 36.
Kf2 Ke6 37. Ke3 Kd6 38. f4 exf4+ 39. gxf4 Kc5 40. Ne4+ Kb4 41. Nd6 Be6 42. a6 Kc5 43. Ne4+ Kb6 44. Rb1+ Kc6 45. Ra1 Kb6 46. Kd4 Bh3 47.
Rb1+ Kxa6 48. Nc5+ Ka7 49. Rb7# 1-0

[Event "*** Titled Tuesday Blitz"]
[Site "Chess.com"]
[Date "2020.04.07"]
[Round "5"]
[White "eightbyeightchess"]
[Black "quesfr"]
[Result "1-0"]
[WhiteElo "2361"]
[BlackElo "2180"]
[TimeControl "180+1"]
[EndTime "13:57:00 PDT"]
[Termination "eightbyeightchess won on time"]

1. e4 e6 2. d4 d5 3. e5 c5 4. c3 Qb6 5. Nf3 Nc6 6. dxc5 Bxc5 7. Qc2 Qc7 8. Bf4 Nge7 9. Bd3 Ng6 10. Bxg6 hxg6 11. Bg3 Bd7 12. Qe2 Qb6 13. O-O Rc8 14. b4 Be7 15. a4 a5 16. Na3 axb4 17. Nb5 bxc3 18. Rab1 Qa5 19. Nd6+ Bxd6 20. exd6 Rb8 21. Ne5 Nxe5 22. Bxe5 f6 23. Bd4 Kf7 24. Rfc1 Rhc8 25.
Rb3 Qxa4 26. Rbxc3 Rc6 27. Rxc6 bxc6 28. Bc3 c5 29. h4 Qc6 30. h5 Qxd6 31. hxg6+ Ke7 32. Ra1 d4 33. Bd2 Rh8 34. f4 Qb6 35. Ra6 Qb1+ 36. Be1 Qxg6 37. f5 Qxf5 38. Bg3 Qd5 39. Qb2 Rc8 40.
Bd6+ Kf7 41. Bg3 Bc6 42. Ra7+ Kg8 43. Qf2 Rf8 44. Bf4 Rf7 45. Ra6 Rf8 46. Ra7 Bb5 47.
Qg3 g5 48. Bxg5 Qxg5 49. Qc7 1-0

[Event "*** Titled Tuesday Blitz"]
[Site "Chess.com"]
[Date "2020.04.07"]
[Round "5"]
[White "anon219"]
[Black "anon132639"]
[Result "0-1"]
[WhiteElo "2796"]
[BlackElo "2634"]
[TimeControl "180+1"]
[EndTime "13:57:01 PDT"]
[Termination "anon132639 won by resignation"]

1. e4 c5 2. Nf3 Nc6 3. Bb5 Nf6 4. Bxc6 dxc6 5. d3 Bg4 6. h3 Bh5 7. b3 e6 8. Bb2 Be7 9. Nbd2 O-O 10. O-O Nd7 11.
Qe2 f6 12. e5 f5 13. Rfe1 b5 14. a4 a6 15. d4 cxd4 16. Bxd4 Qc7 17. Nf1 c5 18.
Bb2 Qc6 19. Red1 Nb6 20. axb5 axb5 21. Rxa8 Rxa8 22. N1h2 Ra2 23. Bc1 Nd5 24. Qd3 c4 25. bxc4 bxc4 26. Qf1 Rxc2 27. Nd4 Qa4 28. Nxc2 Qxc2 29.
Rd2 Qe4 30. Nf3 Bxf3 31. gxf3 Qxf3 32. Qxc4 Nf4 33. Rd8+ Bxd8 34. Bxf4 Kf7 35. Bg3 g5 36. Qa4 Be7 37. h4 f4 38. Bh2 Qg4+ 39. Kh1 Qxh4 40. Qe4 Qh3 41. Kg1 Qf5 42. Qd4 h5 43. Kf1 Qh3+ 44. Kg1 Qg4+ 45. Kf1 h4 46. Bg1 h3 47.
Qe4 Kg7 48. f3 Qg2+ 0-1

[Event "*** Titled Tuesday Blitz"]
[Site "Chess.com"]
[Date "2020.04.07"]
[Round "5"]
[White "ENEASZ"]
[Black "XDPS"]
[Result "0-1"]
[WhiteElo "2512"]
[BlackElo "2707"]
[TimeControl "180+1"]
[EndTime "13:57:02 PDT"]
[Termination "XDPS won on time"]

1. e4 c5 2. c3 d6 3. d4 Nf6 4. Bd3 Qc7 5. Nf3 Bg4 6. O-O Nbd7 7. Re1 e6 8. h3 Bh5 9. Bf4 Be7 10. Nbd2 O-O 11. Rc1 Rac8 12. g4 Bg6 13. Nh4 Rfd8 14. Nxg6 hxg6 15. Bg3 a6 16. Kg2 b5 17. f4 Qb7 18. Qf3 Nb6 19. h4 Na4 20. Rb1 cxd4 21.
cxd4 Qb6 22. Bf2 Qa5 23. Nb3 Qb4 24. h5 gxh5 25. gxh5 Kh8 26. Kh1 d5 27. e5 Ne4 28.
Rxe4 dxe4 29. Qxe4 g6 30. Be1 Nc5 31. Bxb4 Nxe4 32.
Bxe7 Nf2+ 33. Kg2 Nxd3 34. Bxd8 Rxd8 35. hxg6 Nxf4+ 36. Kf3 Nxg6 37. Ke4 Kg7 38. Nc5 a5 39. Rc1 Ne7 40. Nb7 Rd7 41. Nxa5 Nf5 42. Nb3 Ra7 43.
a3 Ra4 44. Rc5 b4 45. Rc4 Ra8 46. Rxb4 Rc8 47. Nc5 Rh8 48. a4 Rh4+ 49. Kd3 Rh3+ 50. Kc4 Ne3+ 51. Kb5 Nd5 52. Rb3 Rh8 53. a5 Rb8+ 54.
Ka4 Ra8 55. a6 Nc7 56. Ka5 Kg6 57. Rb7 Nd5 58. a7 Kf5 0-1

[Event "*** Titled Tuesday Blitz"]
[Site "Chess.com"]
[Date "2020.04.07"]
[Round "5"]
[White "BillieKimbah"]
[Black "MartinCerveny"]
[Result "1-0"]
[WhiteElo "2862"]
[BlackElo "2630"]
[TimeControl "180+1"]
[EndTime "13:57:03 PDT"]
[Termination "BillieKimbah won by resignation"]

1. d4 d5 2. Nf3 Nf6 3. Bf4 Bf5 4. c4 c6 5. Qb3 Qb6 6. c5 Qxb3 7. axb3 Bxb1 8. Rxb1 Nbd7 9. h3 Rc8 10. e3 e6 11.
b4 a6 12. Nd2 Be7 13. Nb3 Bd8 14. Na5 Bxa5 15. bxa5 O-O 16. f3 Rfe8 17. Bd6 e5 18.
Kf2 Re6 19. Bd3 g6 20. g4 Ne8 21. dxe5 Nxe5 22. Bxe5 Rxe5 23. f4 Re7 24. g5 Rd8 25. b4 f5 26. h4 d4 27. Rbe1 dxe3+ 28. Rxe3 Rxe3 29. Kxe3 Nc7 30. Bc4+ Kg7 31. Rb1 Nd5+ 32.
Kf3 Nc3 33. Rc1 Ne4 34. Ke3 Kf8 35. Bd3 Re8 36. Kf3 Nd2+ 37. Kf2 Ne4+ 38. Kg2 Nd2 39. h5 Re3 40. Bf1 Nxf1 41. Rxf1 gxh5 42. Rd1 Ke8 43. Rd6 Re4 44. Kf3 Rxb4 45. Rh6 Rb3+ 46. Ke2 Rb5 47. Rxh5 Rxc5 48. Rxh7 Rxa5 49. Rxb7 Ra2+ 50. Kf3 Ra3+ 51. Kf2 a5 52. g6 Kf8 53. Rf7+ Kg8 54.
Rxf5 Kg7 55. Rg5 a4 56. f5 Ra2+ 57. Ke3 a3 58. f6+ Kxf6 59. g7 1-0

[Event "*** Titled Tuesday Blitz"]
[Site "Chess.com"]
[Date "2020.04.07"]
[Round "5"]
[White "Gerasimenyuk_Miha"]
[Black "Skatchkov_V"]
[Result "0-1"]
[WhiteElo "2374"]
[BlackElo "2545"]
[TimeControl "180+1"]
[EndTime "13:57:03 PDT"]
[Termination "Skatchkov_V won by resignation"]

1. d4 Nf6 2. Nf3 e6 3. Bg5 h6 4.
Bh4 b6 5. e3 Bb7 6. Nbd2 Be7 7.
Bd3 d5 8. c3 c5 9. Qe2 Nc6 10.
O-O O-O 11. Rae1 Ne4 12. Bxe7 Nxe7 13. Ne5 f6 14. Bxe4 dxe4 15. Nec4 Rc8 16. dxc5 Rxc5 17.
Nb3 Rg5 18. Rd1 Rd5 19. Nd4 Qd7 20. Nc2 Rd8 21. Rxd5 Qxd5 22. Nb4 Qb5 23. b3 a5 24.
a4 Qc5 25. Nc2 Rd3 26. Nd4 e5 27. Ne6 Qc6 28. Qg4 g5 29. h4 Bc8 30. hxg5 Bxe6 31.
Qh5 hxg5 32. g3 Bf7 33. Qh6 Nf5 34. Qh3 Qe6 35. Nxb6 Rxc3 36. Nc4 Kg7 37. g4 Nh6 38. Nxa5 Nxg4 39. Rd1 Rc8 40. Nc4 Rh8 41. Qg2 Nh2 42. Qxe4 Qh3 43. Qg2 Nf3+ 44. Kf1 Qf5 45. Ke2 Qc2+ 46.
Kxf3 Qxd1+ 47. Kg3 Be6 48. Qb7+ Kg6 49. Qe4+ Bf5 50. Nxe5+ fxe5 51. Qc6+ Kf7 52. Qc7+ Qd7 53. Qxe5 Rh3+ 54. Kg2 Qc6+ 55. Kg1 Qc1+ 0-1

[Event "*** Titled Tuesday Blitz"]
[Site "Chess.com"]
[Date "2020.04.07"]
[Round "5"]
[White "Blagorod"]
[Black "edgarrodrigues"]
[Result "0-1"]
[WhiteElo "2114"]
[BlackElo "2429"]
[TimeControl "180+1"]
[EndTime "13:57:03 PDT"]
[Termination "edgarrodrigues won by resignation"]

1. e4 e6 2. d4 d5 3. Nc3 Nf6 4. exd5 exd5 5. Bd3 Be7 6. Nge2 O-O 7. O-O c6 8. Ng3 Re8 9. Nf5 Bxf5 10. Bxf5 Nbd7 11. Qf3 Nf8 12. Ne2 Ng6 13. Bd3 Qc7 14. Ng3 Bd6 15.
Bg5 Ne4 16. Nxe4 dxe4 17. Bxe4 Bxh2+ 18. Kh1 Bf4 19. Bxg6 Bxg5 20. Bd3 Re7 21. Rae1 Rae8 22. Rxe7 Qxe7 23. g3 Bf6 24. c3 g6 25. Kg2 Kg7 26.
Rh1 Qe6 27. b3 h5 28. Bc4 Qe4 29. Qxe4 Rxe4 30. Kf3 Re7 31. g4 h4 32. Kg2 Bg5 33. Kf3 Bd2 34. d5 Bxc3 35. Rxh4 b5 36. Bd3 cxd5 37.
Bxb5 Re4 38. Rh1 Rd4 39. Rc1 Ba5 40. Rc2 Bb6 41. Bf1 Rd1 42. Bg2 d4 43. Kg3 d3 44.
Rb2 Bd4 45. Bf3 Rg1+ 46. Kh2 Rf1 47. Rd2 Rxf2+ 48. Rxf2 Bxf2 49. Kg2 Be3 50. a4 Kf6 51. b4 Ke5 52. b5 Bb6 53. Kf1 Kf4 54. Bd1 Ke3 55. Ke1 Ba5+ 56. Kf1 Kd2 57. Bf3 Kc1 0-1